 Dungeon Crawl Stone Soup version 0.25.1-2-g60ff931df9 (webtiles) character file.

Game seed: 11120983534021377121

192 hawla the Skirmisher (level 5, -5/47 HPs)
             Began as a Minotaur Fighter on Oct 23, 2020.
             Was an Initiate of Gozag.
             Slain by a gnoll
             ... wielding a +0 whip
              (9 damage)
             ... on level 3 of the Dungeon.
             The game lasted 00:09:03 (3208 turns).

hawla the Skirmisher (Minotaur Fighter)             Turns: 3208, Time: 00:09:05

Health: -5/47      AC:  2    Str: 18 (21) XL:     5   Next: 42%
Magic:  4/4        EV: 12    Int:  4 (5)  God:    Gozag
Gold:   178        SH:  0    Dex:  7 (10) Spells: 4/4 levels left

rFire    . . .     SeeInvis .   a - +0 long sword
rCold    . . .     Gourm    .   (no shield)
rNeg     . . .     Faith    .   g - +0 robe
rPois    .         Spirit   .   (helmet restricted)
rElec    .         Reflect  .   i - scarf {+Inv}
rCorr    .         Harm     .   (no gloves)
MR       .....                  (no boots)
Stlth    +.........             (no amulet)
HPRegen  0.15/turn              (no ring)
MPRegen  0.09/turn              (no ring)

@: about to teleport, gold aura
A: retaliatory headbutt, horns 2, deterioration 1, wild magic 2
a: Potion Petition, Call Merchant, Bribe Branch, Renounce Religion, Evoke
Invisibility


You were on level 3 of the Dungeon.
You worshipped Gozag.
Gozag was aware of your devotion.
You were not hungry.

You visited 1 branch of the dungeon, and saw 3 of its levels.

You collected 200 gold pieces.
You paid 22 gold pieces to Gozag.

Inventory:

Hand Weapons
 a - a +0 long sword (weapon)
Armour
 b - a +0 scale mail
 e - a +0 chain mail
 g - a +0 robe (worn)
 i - a scarf of invisibility (worn)
 k - a +0 ring mail
 n - a +0 leather armour
Jewellery
 m - an uncursed ring of fire
Wands
 j - a wand of enslavement (8)
Scrolls
 p - a scroll of enchant weapon {unknown}
 q - a scroll of remove curse {unknown}
 r - a scroll of immolation {unknown}
Potions
 d - a potion of might
 h - a potion of degeneration
 l - a potion of heal wounds {unknown}
Comestibles
 f - 5 rations


   Skills:
 + Level 4.6 Fighting
 + Level 4.3 Long Blades
 + Level 4.2 Armour
 * Level 3.0 Dodging
 + Level 0.6 Stealth
   Level 3.6 Shields


You had 4 spell levels left.
You didn't know any spells.
Your spell library was empty.

Dungeon Overview and Level Annotations

Branches:
Dungeon (3/15)

Altars:
Gozag


Innate Abilities, Weirdness & Mutations

You reflexively headbutt those who attack you in melee.
You have a pair of horns on your head.
Your body sometimes deteriorates upon taking damage.
Your spells are harder to cast, but more powerful.


Message History

The gnoll barely misses you. The gnoll hits you.
* * * LOW HITPOINT WARNING * * *
Your body deteriorates!
You feel weakened. The gnoll hits you with a +0 whip!
* * * LOW HITPOINT WARNING * * *
You feel better. The gnoll misses you.
You riposte.
You hit the gnoll.
The gnoll is moderately wounded.
The gnoll hits you from afar with a +0 spear.
* * * LOW HITPOINT WARNING * * *
The gnoll hits you with a +0 whip.
* * * LOW HITPOINT WARNING * * *
As you read the scroll of teleportation, it crumbles to dust.
You feel strangely unstable. The gnoll hits you but does no damage.
The gnoll closely misses you.
You riposte.
You hit the gnoll. You headbutt the gnoll.
You kill the gnoll!
Your Dodging skill increases to level 3!
The gnoll hits you with a +0 whip!
You die...
Your body crumbles into a pile of gold.

#...###...###.,,***,,***** *,*
...................,,,,,,* *,*
...................,,,*#,******,*
..................,,,,..,,,,,,,,*
#...###...#*#...#**,,.#********,*
#...# #...# #...# *,..# *,*
#...###...###.g.###...# *,*
......$........$......# *,*
...............g@....#* *,,
.###.#$#.#.######.#.## **, .*
#...#...# *...* *, .* ###.#.###
*.### ** .* #.#.# *.# * ,* #.#.#
*.# * ,****#.#.#*******.# *
,,,,,.....,,,,,,,.# *
,,,,,,,,,********** *


You could see 2 gnolls.

Vanquished Creatures
  Jessica (D:2)
  2 gnolls (D:3)
  6 adders
  7 worms (D:2)
  4 dart slugs
  A leopard gecko (D:1)
  An orc (D:2)
  4 bats (D:1)
  5 giant cockroaches
  10 goblins
  3 hobgoblins
  4 jackals (D:2)
  5 kobolds
  A quokka (D:2)
  A ball python skeleton (D:2)
  5 frilled lizards (D:2)
  8 rats
68 creatures vanquished.

Notes
Turn   | Place    | Note
-------+----------+-------------------------------------------
     0 | D:1      | hawla the Minotaur Fighter began the quest for the Orb.
     0 | D:1      | Reached XP level 1. HP: 19/19 MP: 0/0
   226 | D:1      | Reached XP level 2. HP: 13/27 MP: 1/1
   479 | D:1      | Reached skill level 1 in Dodging
  1262 | D:2      | Reached XP level 3. HP: 26/33 MP: 2/2
  1385 | D:2      | Gained mutation: Your body sometimes deteriorates upon
                  | taking damage. [potion of mutation]
  1385 | D:2      | Gained mutation: Your spells are a little harder to cast,
                  | but a little more powerful. [potion of mutation]
  1385 | D:2      | Gained mutation: Your spells are harder to cast, but more
                  | powerful. [potion of mutation]
  1726 | D:2      | Reached XP level 4. HP: 26/40 MP: 3/3
  1995 | D:2      | Found an opulent altar of Gozag.
  2032 | D:2      | Became a worshipper of Gozag Ym Sagoz the Greedy
  2248 | D:2      | Noticed Jessica
  2252 | D:2      | Killed Jessica
  2731 | D:2      | Reached XP level 5. HP: 26/47 MP: 4/4
  3208 | D:3      | Slain by a gnoll

Illustrated notes

Levels and vault maps discovered:
D:1:      minmay_arrival_stair_chambers, layout_loops_cross,
          kennysheep_decorative_pillar, dk_noncrumbling_3
D:2:      layout_rooms, overflow_temple_1_default, serial_bayou,
          serial_bayou_pond_b, serial_bayou_pond_b, serial_bayou_pond_d,
          serial_bayou_pond_b, uniq_jessica
D:3:      layout_loops_ring, cheibrodos_sewer_entry_bend, kennysheep_boxes

Skill      XL: |  1  2  3  4  5 |
---------------+----------------+-----
Dodging        | 1 2 3 |  3.0
Armour         | 4 |  4.2
Fighting       | 4 |  4.6
Long Blades    | 3 4 |  4.3
Stealth        | |  0.6
Shields        | |  3.6

Action                   |  1- 3 |  4- 6 || total
-------------------------+-------+-------++-------
Melee: Long sword        |    71 |    80 ||   151
       Headbutt          |     6 |    14 ||    20
  Use: Scroll            |     2 |     3 ||     5
       Potion            |     4 |     2 ||     6
  Eat: Chunk             |     3 |     1 ||     4
       Ration            |       |     1 ||     1
Armor: Robe              |       |     1 ||     1
Dodge: Dodged            |    76 |    43 ||   119
       Rpst.: Long sword |    17 |    13 ||    30
